Map: Orbital Shipyard

Players

Enpo - Winner!

  • Race: Protoss Protoss
  • League: Diamond

FeeliXI

  • Race: Zerg Zerg
  • League: Diamond

VOD

Have the link to the VOD?

Description

Time

  • Played on: Nov. 19, 2015, 11:29 a.m.
  • Length: 7:39
Show
View Real Time Build Order
Export as new Build Order

Enpo Protoss - Winner!

Build Orders: 1 Gate Expand 

Get SALT Encoding   

  12  0:01  Probe (Chrono Boost)  
  13  0:11  Probe (Chrono Boost)  
  14  0:18  Pylon  
  14  0:22  Probe (Chrono Boost)  
  15  0:36  Probe (Chrono Boost)  
  15  0:39  Gateway  
  16  0:47  Probe (Chrono Boost)  
  17  0:57  Probe (Chrono Boost)  
  18  1:08  Probe (Chrono Boost)  
  19  1:14  Nexus  
  19  1:19  Assimilator  
  19  1:26  Assimilator  
  19  1:33  Cybernetics Core  
  19  1:35  Probe (Chrono Boost)  
  20  1:46  Probe (Chrono Boost), Pylon  
  21  1:56  Probe (Chrono Boost)  
  22  2:07  Probe (Chrono Boost)  
  23  2:10  Adept  
  23  2:11  Warp Gate (Chrono Boost)  
  25  2:17  Probe (Chrono Boost)  
  25  2:20  Pylon  
  26  2:28  Mothership Core (Chrono Boost), Probe (Chrono Boost)  
  29  2:38  Probe (Chrono Boost), Adept  
  32  2:46  Probe (Chrono Boost)  
  32  2:49  Probe (Chrono Boost)  
  34  2:57  Probe (Chrono Boost)  
  35  2:59  Probe (Chrono Boost)  
  35  3:04  Gateway  
  36  3:07  Sentry  
  36  3:08  Probe (Chrono Boost)  
  36  3:10  Probe (Chrono Boost)  
  40  3:18  Probe (Chrono Boost)  
  41  3:20  Probe (Chrono Boost)  
  42  3:29  Probe (Chrono Boost)  
  42  3:31  Probe (Chrono Boost)  
  43  3:44  Probe x2 (Chrono Boost)  
  45  3:48  Robotics Facility  
  45  3:50  Gateway  
  45  3:52  Gateway  
  45  3:55  Probe (Chrono Boost), Forge  
  45  3:56  Probe (Chrono Boost)  
  45  3:59  Pylon  
  47  4:05  Probe  
  47  4:07  Pylon  
  47  4:09  Assimilator  
  48  4:10  Probe  
  48  4:13  Assimilator  
  48  4:16  Probe  
  49  4:19  Sentry x2  
  49  4:22  Probe  
  49  4:23  Pylon  
  55  4:32  Immortal (Chrono Boost), Protoss Ground Weapons Level 1 (Chrono Boost)  
  60  4:41  Gateway, Pylon  
  60  4:44  Probe  
  61  4:49  Sentry x2  
  64  4:58  Gateway  
  64  5:01  Gateway  
  64  5:05  Immortal  
  64  5:06  Zealot  
  70  5:14  Adept x2  
  74  5:21  Sentry  
  76  5:28  Pylon  
  76  5:34  Adept x2  
  76  5:35  Adept  
  82  5:39  Warp Prism  
  82  5:42  Pylon  
  82  5:44  Pylon  
  84  5:50  Adept x2  
  88  6:02  Pylon, Photon Cannon  
  88  6:06  Adept x2  
  92  6:44  Adept x2  
  92  6:45  Adept x4  
  104  6:51  Immortal  
  108  6:54  Stalker  
  108  6:55  Robotics Bay  
  108  6:57  Twilight Council  
  110  7:04  Stalker x4  
  118  7:17  Pylon  
  118  7:18  Pylon  
  118  7:20  Pylon  
Show
View Real Time Build Order
Export as new Build Order

FeeliXI Zerg 

Build Orders: 3 Hatch before Pool 

Get SALT Encoding   

  12  0:01  Drone  
  13  0:10  Drone  
  14  0:34  Hatchery  
  13  0:40  Drone  
  14  1:03  Hatchery  
  13  1:10  Overlord  
  13  1:20  Drone  
  14  1:32  Spawning Pool  
  13  1:34  Drone  
  13  1:39  Drone  
  15  1:45  Drone  
  16  1:53  Drone  
  17  1:54  Drone  
  17  2:00  Drone x2  
  20  2:07  Drone  
  21  2:14  Drone  
  22  2:18  Queen  
  24  2:23  Drone  
  24  2:26  Drone x2  
  27  2:34  Queen  
  29  2:38  Zergling x2  
  30  2:47  Extractor  
  29  2:51  Spine Crawler  
  29  2:54  Zergling x8  
  29  2:56  Drone x2  
  34  3:00  Overlord  
  34  3:05  Overlord  
  34  3:18  Queen x2  
  38  3:38  Drone x10  
  47  3:53  Drone x3  
  50  3:56  Overlord  
  50  3:57  Overlord x2  
  50  4:00  Extractor  
  50  4:01  Extractor  
  48  4:05  Drone x3, Extractor  
  50  4:24  Drone x6  
  50  4:25  Drone x2  
  58  4:35  Drone  
  58  4:36  Drone x2  
  61  4:43  Extractor  
  61  4:45  Extractor  
  59  4:55  Drone x3  
  59  4:57  Drone x5  
  59  4:58  Overlord x4  
  67  5:02  Metabolic Boost  
  67  5:07  Lair  
  67  5:31  Evolution Chamber  
  67  5:34  Evolution Chamber, Drone x2  
  67  5:35  Drone, Overlord x2  
  66  6:09  Hydralisk Den  
  65  6:13  Overlord x3  
  65  6:14  Hatchery  
  64  6:30  Zergling x20  
  68  6:44  Hydralisk x6  
  68  6:45  Hydralisk x3  
  72  6:57  Hydralisk x6  
  82  7:12  Hydralisk x3  
Tags
 
Add a new tag
Caveats
  • Supply blocks, unpowered buildings, or Contaminate may cause inaccurate times.
  • Supply counts are checked every 10 seconds.